 Dungeon Crawl Stone Soup version 0.30-a0-883-g5ad918d77d (webtiles) character file.

Game seed: 6882633654580776299

103 bobarctor the Grave Robber (level 4, 0/30 HPs)
             Began as a Demonspawn Necromancer on Mar 15, 2023.
             Hit by a boomerang thrown by an orc (5 damage)
             ... on level 3 of the Dungeon.
             The game lasted 00:13:20 (2130 turns).

bobarctor the Grave Robber (Demonspawn Necromancer) Turns: 2130, Time: 00:13:21

Health: 0/30       AC:  3    Str:  9    XL:     4   Next: 51%
Magic:  2/9        EV: 12    Int: 18    God:
Gold:   108        SH:  4    Dex: 13    Spells: 2/9 levels left

rFire   . . .      SeeInvis .    x - +3 dagger (venom)
rCold   . . .      Faith    .    (no shield)
rNeg    . . .      Spirit   .    a - +0 robe
rPois   .          Reflect  .    (no helmet)
rElec   .          Rampage  .    (no cloak)
rCorr   .                        q - +0 pair of gloves
Will    +....                    (no boots)
Stlth   ++                       (no amulet)
HPRegen 0.25/turn                w - ring of wizardry
MPRegen 0.11/turn                k - ring of willpower

@: weakened
A: condensation shield, demonic touch 1
a: no special abilities


You were on level 3 of the Dungeon.
You visited 1 branch of the dungeon, and saw 3 of its levels.

You collected 108 gold pieces.

Inventory:

Hand Weapons
 x - a +3 dagger of venom (weapon)
Missiles
 h - 19 stones (quivered)
Armour
 a - a +0 robe (worn)
 o - the +0 scale mail of Vanity {rN+ rCorr Stlth+}
   (You found it on level 3 of the Dungeon)

   rN:        It protects you from negative energy.
   rCorr:     It protects you from acid and corrosion.
   Stlth:     It makes you more stealthy.
 q - a +0 pair of gloves (worn)
Jewellery
 k - a ring of willpower (right hand)
 w - a ring of wizardry (left hand)
Scrolls
 d - a scroll of amnesia {unknown}
 f - 3 scrolls of teleportation {unknown}
 i - 3 scrolls of identify {unknown}
 l - 2 scrolls of fear {unknown}
 m - a scroll of butterflies {unknown}
 v - a scroll of acquirement {unknown}
Potions
 b - a potion of magic
 c - a potion of flight {unknown}
 e - a potion of lignification {unknown}
 g - 3 potions of curing {unknown}
 j - a potion of cancellation {unknown}
 n - a potion of haste {unknown}
 s - 4 potions of brilliance {unknown}
 u - a potion of attraction {unknown}


   Skills:
 * Level 1.0 Armour
 + Level 2.0 Dodging
 + Level 2.0 Stealth
 * Level 3.4 Spellcasting
 + Level 5.1 Necromancy


You had 2 spell levels left.
You knew the following spells:

 Your Spells              Type           Power      Damage    Failure   Level
a - Necrotise             Necr           84%        1d8       1%          1
b - Vampiric Draining     Necr           21%        2d7       2%          3
c - Swiftness             Air            3%         N/A       19%         3

Your spell library contained the following spells:

 Spells                   Type           Power      Damage    Failure   Level
 Shock                    Conj/Air       12%        1d3       6%          1
 Animate Dead             Necr           21%        N/A       8%          4
 Agony                    Necr           21%        N/A       21%         5
 Airstrike                Air            1%         2d(1-17)  50%         4


Dungeon Overview and Level Annotations

Branches:
Dungeon (3/15)

Altars:

Annotations:
D:3 1 runed translucent door, Pimp's ghost, amateur FoFi


Innate Abilities, Weirdness & Mutations

A meltable shield of frost defends you. (SH +4)
Your touch may inflict minor irresistible damage on your foes.


Message History

The gnoll is healed somewhat.
The gnoll bouda barks out a call to the hunt!
The gnoll picks up the pace!
The gnoll bouda calls upon its god to heal the gnoll.
The gnoll's wounds heal themselves!
You block the gnoll's attack.
Casting: Necrotise (safe; 1% risk of failure)
Confirm with . or Enter, or press ? or * to list all spells.
Aiming: Necrotise (safe; 1% risk of failure)
Press: ? - help, Shift-Dir - straight line, f/p - gnoll
Aim: a gnoll, wielding a +0 flail (covering ground quickly, chance to affect: 85%)
The gnoll writhes in agony.
The gnoll bouda calls upon its god to heal the gnoll.
The gnoll's wounds heal themselves!
The gnoll hits you with a +0 flail.
Casting: Necrotise (safe; 1% risk of failure)
Confirm with . or Enter, or press ? or * to list all spells.
Aiming: Necrotise (safe; 1% risk of failure)
Press: ? - help, Shift-Dir - straight line, f/p - gnoll
Aim: a gnoll, wielding a +0 flail (covering ground quickly, chance to affect: 85%)
The gnoll writhes in agony!
The gnoll hits you with a +0 flail!
* * * LOW HITPOINT WARNING * * *
The orc shouts!
You hear a shout!
Casting: Necrotise (safe; 1% risk of failure)
Confirm with . or Enter, or press ? or * to list all spells.
Aiming: Vampiric Draining (dangerous; 2% risk of failure)
Press: ? - help, Shift-Dir - straight line, f/p - gnoll
Aim: a gnoll, wielding a +0 flail (severely wounded, covering ground quickly)
You draw life force from the gnoll!
You kill the gnoll!
You feel life coursing into your body.
The gnoll bouda gazes fiercely through you!
You feel your attacks grow feeble.
You closely miss the orc.
You touch the orc!
You kill the orc!
Your Armour skill increases to level 1!
Things that are here:
a +0 dagger; a +0 leather armour; an orc corpse The orc throws a boomerang.
The boomerang hits you.
* * * LOW HITPOINT WARNING * * *
The orc throws a boomerang.
The boomerang hits you.
You die...

#.....#####.######..##
#...##.g# #.# ##..#
#.## ##g# #.########.#
... #)### #.##.......#
.. #...# #.##..#.#Z.#
#####.###.##......##
#♣8♣##))##.##..#.#.#
#.?W#..............#
###+##...@...########
#...........##
#...........#
#...........#
##.#......o.## ##
#.########..########
..###..# #..........
#....#.# #.##.######
####.#.#######....# ..


You could see a gnoll bouda and an orc.

Vanquished Creatures
  Jessica (D:3)
  2 gnolls (D:3)
  An adder (D:3)
  A worm (D:3)
  An orc (D:3)
  2 ball pythons
  3 endoplasms
  2 giant cockroaches (D:1)
  5 goblins
  A hobgoblin (D:3)
  5 jackals (D:1)
  4 quokkas
  A bat (D:1)
  A frilled lizard (D:1)
  4 kobolds
  3 rats
37 creatures vanquished.

Vanquished Creatures (collateral kills)
  A giant cockroach (D:3)
  A jackal (D:1)
  A ball python (D:2)
  2 rats
5 creatures vanquished.

Grand Total: 42 creatures vanquished

Notes
Turn   | Place    | Note
-------+----------+-------------------------------------------
     0 | D:1      | bobarctor the Demonspawn Necromancer began the quest for
                  | the Orb.
     0 | D:1      | Reached XP level 1. HP: 13/13 MP: 3/3
   577 | D:1      | Gained mutation: Your touch may inflict minor irresistible
                  | damage on your foes. [demonic ancestry]
   577 | D:1      | Reached XP level 2. HP: 19/19 MP: 0/5
  1462 | D:2      | Gained mutation: A meltable shield of frost defends you.
                  | (SH +4) [demonic ancestry]
  1462 | D:2      | Reached XP level 3. HP: 24/24 MP: 2/6
  1505 | D:2      | Learned a level 3 spell: Vampiric Draining
  1790 | D:3      | Noticed Jessica
  1794 | D:3      | Killed Jessica
  1795 | D:3      | Reached skill level 5 in Necromancy
  1851 | D:3      | Identified the +0 scale mail of Vanity {rN+ rCorr Stlth+}
  1935 | D:3      | Reached XP level 4. HP: 30/30 MP: 3/8
  1975 | D:3      | Found a runed translucent door.
  1975 | D:3      | Noticed Pimp's ghost (amateur FoFi)
  1982 | D:3      | Learned a level 3 spell: Swiftness
  2122 | D:3      | HP: 1/30 [gnoll/+0 flail[a gnoll bouda] (9)]
  2128 | D:3      | Reached skill level 1 in Armour
  2130 | D:3      | Hit by a boomerang thrown by an orc

Illustrated notes

Levels and vault maps discovered:
D:1:      giann_wishing_wells, layout_basic
D:2:      layout_basic, minmay_pentomino_v4
D:3:      layout_rooms, mainiacjoe_overflow_concentric_impassable,
          gammafunk_ghost_grave, serial_glass, glass_columns_a, glass_columns_a,
          glass_columns_a, glass_columns_b, glass_columns_c, glass_columns_b,
          glass_columns_c, glass_columns_a, amcnicky_mini_corridor_feature,
          uniq_jessica

Skill      XL: |  1  2  3  4 |
---------------+-------------+-----
Dodging        | 2 |  2.0
Spellcasting   | 3 |  3.4
Necromancy     | 5 |  5.1
Stealth        | 2 |  2.0
Armour         | 1 |  1.0

Action                     |  1- 3 |  4- 6 || total
---------------------------+-------+-------++-------
  Melee: Short sword       |     3 |       ||     3
         Dagger            |     3 |     5 ||     8
         Touch             |     1 |     1 ||     2
  Throw: Stone             |     1 |       ||     1
   Cast: Necrotise         |    50 |    12 ||    62
         Vampiric Draining |       |     1 ||     1
 Armour: Robe              |     6 |     2 ||     8
  Dodge: Dodged            |     4 |     3 ||     7
  Block: Other             |     1 |     2 ||     3

Table legend: (Time is in decaauts)
 A = Elapsed time spent in this place.
 B = Non-inter-level travel time spent in this place.
 C = Inter-level travel time spent in this place.
 D = Time resting spent in this place.
 E = Time spent auto-exploring this place.
 F = Levels seen in this place.
 G = Mean time per level.
                   A        B        C        D        E       F      G
               +--------+--------+--------+--------+--------+-----+--------+
         Total |   2126 |   2078 |     48 |    395 |   1279 |   3 |  708.7 |
       Dungeon |   2126 |   2078 |     48 |    395 |   1279 |   3 |  708.7 |
               +--------+--------+--------+--------+--------+-----+--------+

Top non-repeatable levels by time:
     D:1: 1268 daAuts
     D:2: 519 daAuts
     D:3: 339 daAuts
